 Dungeon Crawl Stone Soup version 0.20.1-1-g8b1a95d (webtiles) character file.

26 Ravissant the Magician (level 3, -3/24 HPs)
             Began as a Human Wizard on Aug 12, 2017.
             Shot with a sling bullet by a goblin (9 damage)
             ... on level 2 of the Dungeon.
             The game lasted 00:18:02 (1938 turns).

Ravissant the Magician (Human Wizard)               Turns: 1938, Time: 00:18:02

Health: -3/24      AC:  2    Str:  7    XL:     3   Next: 22%
Magic:  1/8        EV: 12    Int: 19    God:
Gold:   16         SH:  0    Dex: 11    Spells: 7/10 levels left

rFire    . . .     SeeInvis .   (no weapon)
rCold    . . .     Gourm    .   (no shield)
rNeg     . . .     Faith    .   a - +0 robe
rPois    .         Spirit   .   b - +0 hat
rElec    .         Reflect  .   (no cloak)
rCorr    .         Harm     .   (no gloves)
MR       .....                  (no boots)
Stlth    ++........             (no amulet)
Regen    0.1/turn               (no ring)
MPRegen  0.2/turn               (no ring)

@: very slightly contaminated
A: no striking features
a: no special abilities


You were on level 2 of the Dungeon.
You were not hungry.

You visited 1 branch of the dungeon, and saw 2 of its levels.

You collected 16 gold pieces.

Inventory:

Missiles
 f - 56 stones (quivered)
Armour
 a - a +0 robe (worn)
 b - a +0 hat (worn)
Jewellery
 i - an uncursed ring of flight {unknown}
Scrolls
 e - a scroll of enchant weapon {unknown}
 j - a scroll of magic mapping {unknown}
Potions
 g - a potion of might {unknown}
Books
 c - a book of Minor Magic

   Spells                             Type                      Level
   a - Magic Dart                     Conjuration                  1
   b - Blink                          Translocation                2
   c - Call Imp                       Summoning                    2
   d - Slow                           Hexes                        2
   e - Conjure Flame                  Conjuration/Fire             3
   f - Mephitic Cloud                 Conjuration/Poison/Air       3
Comestibles
 d - a bread ration
 h - a royal jelly
 k - a meat ration


   Skills:
 - Level 2.0 Dodging
 - Level 2.0 Stealth
 + Level 4.0 Spellcasting
 - Level 1.0 Conjurations
 - Level 1.0 Summonings
   Level 1.0 Translocations


You had 7 spell levels left.
You knew the following spells:

 Your Spells              Type           Power        Failure   Level  Hunger
a - Magic Dart            Conj           #...         9%          1    None
b - Call Imp              Summ           #.......     14%         2    ##.....


Dungeon Overview and Level Annotations

Branches:
Dungeon (2/15)

Altars:


Message History

You don't have enough magic to cast that spell.
Unknown command.
You swap places.
You feel sick.
You are no longer poisoned.
The adder completely misses your crimson imp.
Your crimson imp misses the adder.
The adder misses your crimson imp.
A kobold comes into view. It is wielding a whip.
The kobold moves out of view.
Your crimson imp closely misses the adder.
The adder barely misses your crimson imp.
Your crimson imp disappears in a puff of smoke!
The goblin misses you.
A hobgoblin comes into view. It is wielding a club.
The kobold shouts!
The goblin closely misses you.
A goblin comes into view.
The goblin shouts!
The goblin wields a runed hunting sling.
The goblin shoots a sling bullet.
The sling bullet hits you!
You die...

#.# #..#.# .....#.. ....
#..#.# #.......
....##..#.## ..# #.<
#..........# ###.# #.†
#...#.#.#.!# #.#.# #..
......K....#####.#.###..
......#S................
....<..g#############...
.......@# ...##.
g..#..#.# ..### .. ..
#..#.# .# #.##.# .# ..
..# . #.. ..# ## .. #.#
...


You could see an adder, 2 goblins and a kobold.

Vanquished Creatures
  A dart slug (D:1)
  A leopard gecko (D:1)
  A ball python (D:1)
  2 giant cockroaches (D:1)
  5 hobgoblins (D:1)
  5 kobolds (D:1)
  2 frilled lizards (D:1)
  3 goblins
  A rat (D:1)
21 creatures vanquished.

Notes
Turn   | Place    | Note
-------+----------+-------------------------------------------
     0 | D:1      | Ravissant the Human Wizard began the quest for the Orb.
     0 | D:1      | Reached XP level 1. HP: 13/13 MP: 4/4
   358 | D:1      | Reached XP level 2. HP: 10/19 MP: 0/6
  1150 | D:1      | Reached XP level 3. HP: 20/24 MP: 1/8
  1556 | D:1      | Learned a level 2 spell: Call Imp
  1903 | D:2      | Reached skill level 4 in Spellcasting
  1938 | D:2      | Shot with a sling bullet by a goblin

Skill      XL: |  1  2  3 |
---------------+----------+-----
Spellcasting   | 4 |  4.0
Dodging        | |  2.0
Stealth        | |  2.0
Conjurations   | |  1.0
Summonings     | |  1.0
Translocations | |  1.0

Action                   || total
-------------------------++-------
Melee: Unarmed           ||    66
 Cast: Magic Dart        ||    62
       Call Imp          ||     2
  Use: Scroll            ||     1
  Eat: Bread ration      ||     1
Armor: Robe              ||    12
Dodge: Dodged            ||    60
